Map: Dusk Towers

Players

JeNKa

  • Race: Zerg Zerg
  • League: Gold

Florencio - Winner!

  • Race: Protoss Protoss
  • League: Diamond

VOD

Have the link to the VOD?

Description

Lost 4 units the whole game

Time

  • Played on: March 10, 2016, 6:35 p.m.
  • Length: 13:42
Show
View Real Time Build Order
Export as new Build Order

JeNKa Zerg 

Build Orders: Hatch First 

Get SALT Encoding   

  12  0:01  Drone  
  13  0:12  Overlord  
  13  0:17  Drone  
  14  0:32  Drone x2  
  14  0:34  Drone  
  17  0:56  Drone, Hatchery  
  17  0:59  Drone  
  18  1:08  Extractor  
  18  1:09  Drone  
  18  1:23  Spawning Pool  
  18  1:24  Drone  
  18  1:28  Drone  
  19  1:40  Overlord  
  19  2:00  Drone x2  
  21  2:12  Queen, Drone x2  
  21  2:14  Queen  
  27  2:17  Metabolic Boost  
  27  2:38  Drone, Hatchery  
  27  2:41  Drone  
  28  2:49  Drone x2  
  30  2:57  Overlord  
  30  3:03  Drone  
  30  3:04  Drone x3  
  34  3:13  Overlord  
  34  3:25  Zergling x6  
  34  3:26  Zergling x8  
  41  3:32  Overlord  
  41  3:42  Overlord  
  41  3:49  Drone x3  
  44  3:56  Baneling Nest  
  44  4:01  Roach Warren  
  43  4:17  Drone x5  
  43  4:18  Drone x2  
  49  4:30  Drone x3  
  49  4:31  Queen  
  54  4:34  Overlord  
  54  4:35  Overlord  
  54  4:40  Extractor  
  54  4:44  Extractor  
  52  4:48  Overlord  
  52  4:54  Extractor  
  52  4:56  Drone x2  
  53  5:04  Spore Crawler, Drone  
  53  5:10  Overlord  
  53  5:12  Drone x2  
  53  5:13  Drone x2  
  57  5:19  Overlord x2  
  57  5:31  Hatchery  
  44  5:38  Spore Crawler  
  44  5:41  Spore Crawler  
  36  5:52  Lair  
  36  5:55  Drone  
  36  5:56  Spore Crawler, Drone x2  
  38  6:09  Drone x3  
  41  6:14  Hatchery  
  41  6:17  Drone x2  
  41  6:18  Drone x2  
  44  6:27  Extractor  
  44  6:29  Extractor  
  44  6:30  Overlord  
  42  6:35  Hatchery  
  41  6:42  Lair  
  41  6:46  Spine Crawler, Drone x3  
  41  6:47  Drone x5  
  44  6:48  Drone x3  
  51  7:04  Drone x3  
  54  7:08  Spore Crawler  
  53  7:21  Overlord  
  53  7:36  Drone  
  54  7:38  Drone  
  54  7:39  Drone x2  
  57  7:44  Drone  
  57  7:51  Hydralisk Den  
  44  8:21  Hydralisk x2  
  44  8:22  Hydralisk x12  
  72  8:36  Hatchery  
  72  8:39  Drone  
  72  8:56  Hatchery  
  72  8:58  Drone  
  72  8:59  Drone  
  73  9:05  Drone  
  73  9:06  Drone  
  75  9:10  Drone x2  
  75  9:13  Drone  
  78  9:30  Drone x4  
  78  9:31  Drone x2  
  84  9:36  Drone x2  
  86  9:46  Overlord  
  86  9:47  Spawning Pool  
  86  9:48  Hydralisk  
  87  9:58  Overlord  
  87  10:02  Hydralisk  
  87  10:03  Hydralisk x2  
  93  10:14  Hatchery  
  93  10:16  Drone  
  93  10:25  Muscular Augments  
  93  10:27  Drone x3  
  96  10:34  Hydralisk x3  
  102  10:44  Zergling x2  
  102  10:45  Zergling x6  
  106  11:02  Hydralisk x3  
  106  11:03  Hydralisk  
  114  11:05  Hatchery  
  114  11:08  Hydralisk x2  
  115  11:15  Drone x3  
  118  11:22  Hydralisk  
  120  11:26  Hydralisk x2  
  121  11:39  Hatchery  
  105  11:44  Zergling x2  
  105  11:45  Zergling x6  
  107  12:06  Overlord  
  107  12:10  Spire  
  104  12:23  Hydralisk x5  
  104  12:25  Overlord  
  112  12:42  Drone x3  
  112  12:43  Drone x2  
  115  12:46  Hydralisk  
  114  13:00  Hydralisk x2  
  114  13:01  Hydralisk  
  111  13:35  Hatchery  
Show
View Real Time Build Order
Export as new Build Order

Florencio Protoss - Winner!

Build Orders: 1 Gate Expand, Oracle Opening 

Get SALT Encoding   

  12  0:01  Probe (Chrono Boost)  
  13  0:11  Probe (Chrono Boost)  
  14  0:22  Probe (Chrono Boost)  
  14  0:26  Pylon  
  15  0:45  Probe (Chrono Boost)  
  15  0:46  Gateway  
  16  0:54  Assimilator  
  16  0:55  Probe (Chrono Boost)  
  17  1:00  Assimilator  
  17  1:06  Probe (Chrono Boost)  
  18  1:16  Probe (Chrono Boost)  
  19  1:27  Probe (Chrono Boost)  
  20  1:37  Probe (Chrono Boost)  
  20  1:38  Nexus  
  21  1:51  Cybernetics Core  
  21  1:54  Probe (Chrono Boost)  
  22  2:03  Pylon  
  22  2:14  Probe (Chrono Boost)  
  25  2:24  Probe (Chrono Boost)  
  25  2:27  Stalker  
  26  2:35  Mothership Core (Chrono Boost)  
  28  2:39  Assimilator  
  28  2:40  Pylon  
  28  2:54  Probe (Chrono Boost)  
  29  3:03  Stargate  
  29  3:06  Stargate  
  29  3:11  Probe x2 (Chrono Boost)  
  31  3:18  Stargate  
  31  3:22  Probe (Chrono Boost)  
  32  3:31  Assimilator  
  32  3:46  Probe x2 (Chrono Boost)  
  34  3:54  Oracle x2  
  40  3:57  Probe x2 (Chrono Boost)  
  42  4:18  Forge  
  45  4:25  Oracle (Chrono Boost)  
  45  4:27  Probe (Chrono Boost)  
  45  4:28  Probe (Chrono Boost)  
  50  4:33  Oracle (Chrono Boost)  
  50  4:39  Oracle (Chrono Boost)  
  50  4:40  Probe (Chrono Boost)  
  54  4:53  Photon Cannon  
  54  4:57  Photon Cannon  
  54  5:04  Photon Cannon  
  54  5:29  Pylon  
  54  5:31  Pylon  
  54  5:45  Photon Cannon  
  54  5:47  Probe, Pylon  
  54  5:48  Void Ray (Chrono Boost)  
  59  5:50  Pylon  
  59  5:57  Probe  
  59  5:59  Probe  
  61  6:08  Probe  
  61  6:10  Void Ray (Chrono Boost)  
  66  6:11  Probe  
  66  6:16  Void Ray (Chrono Boost)  
  71  6:32  Void Ray (Chrono Boost)  
  75  6:53  Void Ray (Chrono Boost)  
  83  6:54  Void Ray (Chrono Boost)  
  83  7:14  Nexus  
  83  7:24  Pylon  
  83  7:25  Pylon  
  83  7:43  Void Ray (Chrono Boost)  
  95  7:48  Void Ray x2 (Chrono Boost)  
  95  8:23  Fleet Beacon  
  95  8:26  Stargate  
  99  8:29  Stargate  
  98  8:57  Oracle (Chrono Boost), Pylon  
  98  8:59  Oracle (Chrono Boost)  
  113  9:24  Tempest x3 (Chrono Boost)  
  113  9:25  Assimilator, Probe  
  113  9:28  Probe  
  113  9:30  Assimilator  
  119  9:54  Tempest (Chrono Boost)  
  119  9:58  Tempest (Chrono Boost)  
  123  10:09  Pylon  
  123  10:10  Pylon  
  123  10:12  Pylon  
  123  10:13  Pylon  
  127  10:33  Tempest (Chrono Boost)  
  127  10:51  Tempest (Chrono Boost)  
  135  10:57  Tempest (Chrono Boost)  
  139  11:29  Tempest x2 (Chrono Boost)  
  155  12:10  Tempest x3 (Chrono Boost)  
Tags
 
Add a new tag
Caveats
  • Supply blocks, unpowered buildings, or Contaminate may cause inaccurate times.
  • Supply counts are checked every 10 seconds.